 Dungeon Crawl Stone Soup version 0.26-a0-602-gd42a14c23b (webtiles) character file.

Game seed: 7459826211741185323

12292 ANON1729 the Fighter (level 11, -4/73 HPs)
             Began as an Octopode Delver on Aug 30, 2020.
             Was an Elder of Ru.
             Slain by a slime creature (13 damage)
             ... on level 11 of the Dungeon.
             The game lasted 00:27:42 (15543 turns).

ANON1729 the Fighter (Octopode Delver)             Turns: 15543, Time: 00:27:42

Health: -4/73      AC:  1    Str: 15      XL:     11   Next: 91%
Magic:  0/11       EV: 20    Int: 11 (12) God:    Ru [****..]
Gold:   411        SH:  4    Dex: 14      Spells: 10/10 levels left

rFire    + . .     SeeInvis .     - Unarmed
rCold    . . .     Faith    .   (no shield)
rNeg     . . .     Spirit   +   (helmet restricted)
rPois    +         Reflect  .   F - amulet of guardian spirit
rElec    .         Harm     .   b - ring of protection from magic
rCorr    +                      H - ring of poison resistance
MR       .....                  u - ring of resist corrosion
Stlth    ..........             C - ring of wizardry
HPRegen  0.22/turn              (no ring)
MPRegen  0.12/turn              (no ring)
                                (no ring)
                                (no ring)

@: exhausted, about to teleport, lightly drained
A: almost no armour, stealthy swim, amphibious, 8 rings, constrict 8, large bone
plates 1, camouflage 1, fire resistance 1, frail 1, gelatinous body 1, no
stealth, magic vulnerability 1
a: Draw Out Power, Power Leap, Renounce Religion


You were on level 11 of the Dungeon.
You worshipped Ru.
Ru was greatly pleased with you.
You visited 2 branches of the dungeon, and saw 13 of its levels.
You also visited: Sewer.

You collected 411 gold pieces.

Inventory:

Missiles
 p - 8 javelins (quivered)
 E - 8 atropa-tipped darts
Jewellery
 b - a ring of protection from magic (left tentacle)
 u - a ring of resist corrosion (on tentacle)
 C - a ring of wizardry (on tentacle)
 F - an amulet of guardian spirit (around mantle)
 H - a ring of poison resistance (right tentacle)
Wands
 e - a wand of digging (6)
 z - a wand of polymorph (2)
 B - a wand of random effects (15)
Scrolls
 a - 2 scrolls of fog
 c - 2 scrolls of fear
 f - a scroll of holy word {unknown}
 g - a scroll of acquirement {unknown}
 i - 6 scrolls of teleportation
 l - 2 scrolls of enchant armour
 m - 3 scrolls of enchant weapon
 n - 6 scrolls of remove curse
 s - 2 scrolls of noise
 t - a scroll of magic mapping
 w - a scroll of blinking
 y - 2 scrolls of random uselessness {unknown}
 A - a scroll of immolation
 D - a scroll of amnesia {unknown}
 J - 2 scrolls of identify
Potions
 d - 4 potions of haste
 h - a potion of ambrosia {unknown}
 j - 4 potions of lignification
 k - 2 potions of mutation
 o - 2 potions of might {unknown}
 q - a potion of heal wounds
 r - a potion of degeneration
 v - 5 potions of curing
 x - a potion of stabbing
 G - 4 potions of flight


   Skills:
 + Level 10.9(10.5) Fighting
 + Level 10.7(10.3) Dodging
   Level 0.0 Stealth
 + Level 10.6(10.2) Unarmed Combat


You had 10 spell levels left.
You didn't know any spells.
Your spell library contained the following spells:

 Spells                   Type           Power        Failure   Level
 Corona                   Hex            #......      14%         1
 Magic Dart               Conj           #...         14%         1
 Blink                    Tloc           N/A          21%         2
 Call Imp                 Summ           #.......     21%         2
 Ensorcelled Hibernation  Hex/Ice        #.....       21%         2
 Poisonous Vapours        Pois/Air       #.....       21%         2
 Slow                     Hex            #.......     21%         2
 Confusing Touch          Hex            #.......     38%         3
 Conjure Flame            Conj/Fire      #.......     38%         3
 Dazzling Flash           Conj/Hex       #.....       38%         3
 Mephitic Cloud           Conj/Pois/Air  #.......     38%         3
 Tukima's Dance           Hex            #.......     38%         3
 Freezing Cloud           Conj/Ice/Air   #.........   100%        6


Dungeon Overview and Level Annotations

Branches:
Dungeon (12/15)            Temple (1/1) D:5            Lair (0/6) D:9
  Sewer (visited)
    Orc: D:9-12

Altars:
Ashenzari
Dithmenos
Elyvilon
Gozag
Hepliaklqana
Kikubaaqudgha
Makhleb
Nemelex Xobeh
Qazlal
Ru
Sif Muna
Vehumet
Wu Jian
Zin
The Shining One

Annotations:
D:11 1 runed translucent door, Urug
D:12 Josephine


Innate Abilities, Weirdness & Mutations

You cannot wear most types of armour.
You are very stealthy in the water. (Stealth+)
You are amphibious.
You can wear up to eight rings at the same time.
You can use your tentacles to constrict eight enemies at once.
Your skin changes colour to match your surroundings (Stealth+).
You are frail. (-10% HP)
Your rubbery body absorbs attacks. (AC +1, EV +1)
You cannot be stealthy.
You are slightly vulnerable to magic. (MR-)
You are partially covered in large bone plates. (SH +4)
Your flesh is heat resistant. (rF+)


Message History

The komodo dragon hisses angrily.
Found a scroll of remove curse.
Found an escape hatch in the ceiling.
Found a stone staircase leading up.
There is a stone staircase leading up here.
The slime creature hits you!! You block the slime creature's attack.
The slime creature hits you!
You climb upwards.
Level annotation: 1 runed translucent door, Urug
There is a stone staircase leading down here.
As you read the scroll of teleportation, it crumbles to dust.
You feel strangely unstable. The slime creature barely misses you.
The slime creature closely misses you. The slime creature misses you.
Okay, then.
You are restored by drawing out deep reserves of power within.
You feel drained.
Urug stops glowing and disappears.
Something hits you!!
Deactivating autopickup; reactivate with Ctrl-A.
The slime creature hits you! x2
* * * LOW HITPOINT WARNING * * *
The slime creature hits you!
You die...

### #.+ #.#
..#################.#
........)(.(...J@##.#
..##.####.......JJ..#
#.#.####.#### #.#.#
#.# #(#.# #.# #(#.#
#.# #.#.# #.# #)#.#
#.# #(#.# #'#


You could see 3 slime creatures.

Vanquished Creatures
  Harold (D:7)
  A two-headed ogre (D:9)
  Nergalle (D:10)
  An unseen horror (D:10)
  Pikel (D:8)
  A deep elf mage (D:9)
  An ugly thing (D:11)
  2 cyclopes (D:11)
  A manticore (D:11)
  4 trolls
  Prince Ribbit (D:7)
  2 hornets
  A vampire (D:11)
  A wraith (D:10)
  Grum (D:8)
  5 yaks (D:9)
  A warg (D:7)
  An ice beast (D:5)
  A sky beast (D:5)
  3 orc warriors
  2 eyes of draining (D:11)
  6 ogres
  2 wolves (D:8)
  2 necrophages
  6 centaurs
  A crocodile (D:9)
  5 bullfrogs
  A wyvern skeleton (D:11)
  3 scorpions
  4 killer bees (D:8)
  6 wights
  4 howler monkeys
  A bullfrog zombie (D:7)
  A quasit (D:4)
  8 hounds
  3 jellies
  5 orc priests
  Jessica (D:2)
  5 iguanas
  3 orc wizards
  7 worker ants
  4 hound skeletons
  16 gnolls
  12 adders
  A shadow imp (D:9)
  7 white imps
  4 ufetubi
  An ooze (D:2)
  5 worms
  3 dart slugs
  6 leopard geckos
  28 orcs
  3 ball pythons (Sewer)
  12 bats
  10 giant cockroaches
  9 goblins
  5 hobgoblins
  8 jackals
  7 kobolds
  7 quokkas
  15 frilled lizards
  5 rats
275 creatures vanquished.

Vanquished Creatures (others)
  A two-headed ogre (D:11)
  An ogre (D:7)
2 creatures vanquished.

Grand Total: 277 creatures vanquished

Notes
Turn   | Place    | Note
-------+----------+-------------------------------------------
     0 | D:5      | ANON1729 the Octopode Delver began the quest for the Orb.
     0 | D:5      | Reached XP level 1. HP: 16/16 MP: 1/1
    12 | Temple   | Entered the Ecumenical Temple
    34 | Temple   | Became a worshipper of Ru the Awakened
    52 | D:6      | Noticed a scorpion
    79 | D:6      | Noticed a hound
    88 | D:6      | Killed a hound
    88 | D:6      | Reached XP level 2. HP: 16/21 MP: 2/2
    88 | D:6      | Reached XP level 3. HP: 20/26 MP: 3/3
   177 | D:5      | Noticed a sky beast
   236 | D:5      | Killed a sky beast
   236 | D:5      | Reached XP level 4. HP: 6/33 MP: 4/4
   236 | D:5      | Reached XP level 5. HP: 7/37 MP: 5/5
   659 | D:5      | Gained mutation: Your flesh is heat resistant. (rF+)
                  | [potion of mutation]
   659 | D:5      | Gained mutation: You are partially covered in large bone
                  | plates. (SH +4) [potion of mutation]
   948 | D:4      | Found a glowing drain.
   957 | Sewer    | Entered a sewer
  1027 | Sewer    | Reached XP level 6. HP: 34/43 MP: 6/6
  1322 | D:4      | Gained mutation: You are frail. (-10% HP) [Ru sacrifice]
  1322 | D:4      | Reached * piety under Ru
  1322 | D:4      | Reached ** piety under Ru
  2024 | D:4      | Found a white marble altar of Elyvilon.
  2072 | D:4      | Reached XP level 7. HP: 44/44 MP: 7/7
  2396 | D:3      | Found a stormy altar of Qazlal.
  3127 | D:2      | Noticed Jessica
  3147 | D:2      | Killed Jessica
  3190 | D:2      | Gained mutation: You are slightly vulnerable to magic.
                  | (MR-) [Ru sacrifice]
  3190 | D:2      | Reached *** piety under Ru
  3988 | D:2      | Reached skill level 5 in Fighting
  4578 | D:4      | Reached XP level 8. HP: 24/49 MP: 8/8
  5212 | D:5      | Found an opulent altar of Gozag.
  5340 | D:5      | Gained mutation: You cannot be stealthy. [Ru sacrifice]
  5340 | D:5      | Reached **** piety under Ru
  5686 | D:5      | Reached skill level 5 in Dodging
  5739 | D:4      | Reached skill level 5 in Unarmed Combat
  8302 | D:7      | Noticed Prince Ribbit
  8303 | D:7      | Noticed Harold
  8454 | D:7      | Found a glowing golden altar of the Shining One.
  8455 | D:7      | Found a shadowy altar of Dithmenos.
  8509 | D:7      | Paralysed by Harold for 4 turns
  8526 | D:7      | Killed Harold
  8526 | D:7      | Reached XP level 9. HP: 57/57 MP: 9/9
  8549 | D:7      | Killed Prince Ribbit
  9392 | D:8      | Noticed Pikel
  9412 | D:8      | Killed Pikel
  9499 | D:8      | Found an ornate altar of the Wu Jian Council.
  9568 | D:8      | Noticed Grum
  9582 | D:8      | Reached XP level 10. HP: 51/64 MP: 10/10
  9593 | D:8      | Killed Grum
  9781 | D:8      | Found a stormy altar of Qazlal.
  9838 | D:8      | Found a radiant altar of Vehumet.
  9839 | D:8      | Found a burning altar of Makhleb.
  9839 | D:8      | Found an ancient bone altar of Kikubaaqudgha.
  9839 | D:8      | Found an opulent altar of Gozag.
 11067 | D:9      | Noticed a two-headed ogre
 11085 | D:9      | Killed a two-headed ogre
 11177 | D:9      | Found a radiant altar of Vehumet.
 11185 | D:9      | Noticed a deep elf mage
 11201 | D:9      | Killed a deep elf mage
 11753 | D:9      | Reached XP level 11. HP: 17/72 MP: 11/11
 12114 | D:9      | Found a staircase to the Lair.
 12274 | D:10     | Entered Level 10 of the Dungeon
 12862 | D:10     | Found a shattered altar of Ashenzari.
 12900 | D:10     | Noticed Nergalle
 12908 | D:10     | Killed Nergalle
 12908 | D:10     | Reached skill level 10 in Fighting
 12963 | D:10     | Noticed an unseen horror
 12966 | D:10     | Killed an unseen horror
 13274 | D:10     | Reached skill level 10 in Dodging
 13280 | D:10     | Paralysed by a hornet for 1 turns
 13283 | D:10     | Reached skill level 10 in Unarmed Combat
 14757 | D:11     | Noticed Urug
 14820 | D:11     | Noticed a cyclops
 14839 | D:11     | Killed a cyclops
 14937 | D:11     | Noticed a two-headed ogre
 14940 | D:11     | Noticed a manticore
 14946 | D:11     | Killed a two-headed ogre
 14952 | D:11     | Killed a manticore
 15142 | D:11     | Found a runed translucent door.
 15175 | D:11     | Noticed a brown ugly thing
 15185 | D:11     | Killed a brown ugly thing
 15382 | D:11     | Noticed a cyclops
 15391 | D:11     | Killed a cyclops
 15539 | D:12     | Noticed Josephine
 15543 | D:11     | Slain by a slime creature

Illustrated notes

Levels and vault maps discovered:
D:1:      dpeg_arrival_boxorama, layout_loops_ring, minivault_25,
          dk_noncrumbling_3, minivault_27, hangedman_feature_mirror,
          minmay_indecisive_spiral
D:2:      layout_loops_ring, minmay_misc_feat_encased, uniq_jessica
D:3:      layout_basic, nicolae_overflow_crystal_walls
D:4:      layout_layer_cave, elyvilon_altar_5, cheibrodos_sewer_entry_sluice
D:5:      layout_basic, minmay_temple_entry_from_below_b,
          minmay_misc_feat_four_crosses, grunt_gozag_statues
D:6:      layout_gridville, minmay_holes, kennysheep_nondescript
D:7:      layout_basic, gammafunk_temple_overflow_statue, uniq_prince_ribbit1,
          uniq_harold
D:8:      layout_basic, chequers_temple_overflow_statue_of_worship,
          kennysheep_mini_moat, basic_altar, uniq_pikel, uniq_grum
D:9:      layout_small_grid, lair_entry_dummy, basic_altar
D:10:     layout_roguey, nicolae_ashenzari_panopticon, uniq_nergalle
D:11:     gammafunk_mikee_crab_dinner, layout_basic,
          ebering_ghost_disaster_area, billiards_dpeg, uniq_urug
D:12:     layout_cave_pools, minmay_orc_entry_temple_small, basic_altar,
          serial_shops, shop, uniq_josephine
Temple:   dshaligram_water_room_temple

Skill      XL: |  1  2  3  4  5  6  7  8  9 10 11 |
---------------+----------------------------------+-----
Stealth        | 7 8 9 0 |  0.0
Dodging        | 3 4 6 7 9 10 | 10.7
Unarmed Combat | 3 4 6 7 9 10 | 10.6
Fighting       | 4 5 7 8 9 10 | 10.9

Action                   |  1- 3 |  4- 6 |  7- 9 | 10-12 || total
-------------------------+-------+-------+-------+-------++-------
Melee: Unarmed           |     5 |    89 |   391 |   374 ||   859
       Punch             |     1 |     2 |    17 |    28 ||    48
       Constrict         |     1 |    26 |    88 |    52 ||   167
       Tentacles         |       |    24 |    84 |    92 ||   200
Throw: Throwing net      |       |       |     2 |     6 ||     8
       Javelin           |       |       |     1 |       ||     1
Invok: Sacrifice Health  |       |     1 |       |       ||     1
       Sacrifice Essence |       |       |     1 |       ||     1
       Draw Out Power    |       |       |     4 |     4 ||     8
       Sacrifice Stealth |       |       |     1 |       ||     1
       Reject Sacrifices |       |       |     1 |       ||     1
Evoke: Wand              |    18 |     5 |     6 |    15 ||    44
  Use: Potion            |       |     2 |       |     8 ||    10
       Scroll            |       |     1 |     5 |    10 ||    16
 Stab: Sleeping          |       |     9 |    27 |       ||    36
       Held in net/web   |       |       |     2 |     1 ||     3
       Distracted        |       |       |     2 |       ||     2
       Invisible         |       |       |     4 |     3 ||     7
       Confused          |       |       |     1 |       ||     1
       Paralysed         |       |       |       |     2 ||     2
Armor: Skin              |     5 |     3 |    18 |    14 ||    40
Dodge: Dodged            |    12 |    49 |   221 |   249 ||   531
Block: Other             |       |    16 |    61 |    42 ||   119

Table legend: (Time is in decaauts)
 A = Elapsed time spent in this place.
 B = Non-inter-level travel time spent in this place.
 C = Inter-level travel time spent in this place.
 D = Time resting spent in this place.
 E = Time spent auto-exploring this place.
 F = Levels seen in this place.
 G = Mean time per level.
                   A        B        C        D        E       F      G
               +--------+--------+--------+--------+--------+-----+--------+
         Total |  15445 |  14879 |    566 |   6235 |   6298 |  14 | 1103.2 |
       Dungeon |  15079 |  14522 |    557 |   6135 |   6198 |  12 | 1256.6 |
        Temple |     31 |     22 |      9 |      0 |      8 |   1 |   31.0 |
         Sewer |    333 |    333 |      0 |    100 |     92 |   1 |  333.0 |
               +--------+--------+--------+--------+--------+-----+--------+

Top non-repeatable levels by time:
     D:8: 2077 daAuts
     D:5: 1925 daAuts
     D:9: 1910 daAuts
     D:4: 1840 daAuts
    D:10: 1723 daAuts
     D:6: 1247 daAuts
     D:7: 1151 daAuts
    D:11: 945 daAuts
     D:3: 935 daAuts
     D:1: 753 daAuts
     D:2: 567 daAuts
   Sewer: 333 daAuts
  Temple: 31 daAuts
    D:12: 1 daAuts
